 Dungeon Sprint DCSS version bcrawl-1.21.2-1-g32d02e0829 (webtiles) character file.

Game seed: 4408051498604692368

1796 MordorOrchid the Destroyer (level 9, -4/62 HPs)
             Began as a Fairy Wanderer on Feb 22, 2020.
             Was a Priest of Sif Muna.
             Slain by a komodo dragon (11 damage)
             ... while petrified by a basilisk
             ... in the Dungeon (Sprint IX: "|||||||||||||||||||||||||||||").
             The game lasted 00:10:34 (532 turns).

MordorOrchid the Destroyer (Fairy Wanderer)          Turns: 532, Time: 00:10:35

Health: -4/62      AC: 10    Str:  9    XL:     9   Next: 9%
Magic:  5/25       EV:  3    Int: 23    God:    Sif Muna [***...]
Gold:   0          SH:  0    Dex: 12    Spells: 8/28 levels left

rFire    . . .     SeeInvis .   r - +2 rapier (distort)
rCold    . . .     Gourm    .   d - +0 shield
rNeg     + + +     Faith    .   (armour unavailable)
rPois    ∞         Spirit   .   (no helmet)
rElec    .         Reflect  .   n - +0 cloak
rCorr    .         Harm     .   (no gloves)
MR       .....     NoTele   +   o - +0 pair of boots
Stlth    ..........             (no amulet)
HPRegen  0.20/turn              p - +2 ring of protection
MPRegen  0.19/turn              q - +3 ring of dexterity

@: petrified, flying evasively, very slightly contaminated
A: small, magic attunement, unstealthy, unfitting armour, able to fly, AC/SH +6
a: Stop Flying, Divine Energy, Channel Magic, Renounce Religion


You were in the Dungeon.
You worshipped Sif Muna.
Sif Muna was most pleased with you.
You were not hungry.

You visited 1 branch

Inventory:

Hand Weapons
 c - a +0 whip
 r - a +2 rapier of distortion (weapon)
 t - a +2 war axe of venom
Armour
 d - a +0 shield (worn)
 n - a +0 cloak (worn)
 o - a +0 pair of boots (worn)
Magical Staves
 m - an uncursed staff of energy
Jewellery
 p - a +2 ring of protection (left hand)
 q - a +3 ring of dexterity (right hand)
Wands
 l - a wand of acid (5)
Scrolls
 h - 4 scrolls of remove curse
 j - 2 scrolls of amnesia
 k - 3 scrolls of blinking
 v - 2 scrolls of enchant armour
 w - a scroll of identify
 x - a scroll of fog
Potions
 a - a potion of agility
 f - 6 potions of curing
 g - 5 potions of heal wounds
 i - 4 potions of magic
 s - 3 potions of mutation
Comestibles
 b - 9 chunks of flesh
 e - a ration {!d}


   Skills:
 - Level 6.0 Fighting
 - Level 9.5 Dodging
 * Level 9.0 Shields
 - Level 10.2 Spellcasting
 * Level 10.5 Conjurations
 - Level 3.5 Hexes
   Level 1.1 Summonings
   Level 2.0 Necromancy
 - Level 3.2 Translocations
 * Level 2.7 Fire Magic
 - Level 5.4 Ice Magic
 * Level 4.7 Invocations
 - Level 6.0 Evocations


You had 8 spell levels left.
You knew the following spells:

 Your Spells              Type           Power        Failure   Level  Hunger
a - Magic Dart            Conj           ####         1%          1    None
f - Iskenderun's Mystic   Conj           ######..     1%          3    None
h - Bolt of Fire          Conj/Fire      #####.....   86%         6    None
i - Throw Icicle          Conj/Ice       #####...     6%          4    None
x - Blink                 Tloc           N/A          6%          2    None
J - Fulminant Prism       Conj/Hex       #####.....   10%         4    None

Your spell library contained the following spells:

 Spells                   Type           Power        Failure   Level  Hunger
 Searing Ray              Conj           ######..     1%          2    None
 Dazzling Spray           Conj/Hex       #####.       2%          3    None
 Blink Other              Tloc           ####..       4%          1    None
 Portal Projectile        Tloc           ####..       13%         3    None
 Teleport Other           Tloc           ####....     13%         3    None
 Inner Flame              Hex/Fire       N/A          14%         3    None
 Ignite Poison            Fire/Tmut/Pois ###.....     34%         3    None
 Irradiate                Conj/Tmut      #####.....   47%         5    None
 Yara's Violent Unravell  Hex/Tmut       ###.......   63%         4    None
 Passage of Golubria      Tloc           N/A          75%         5    None
 Summon Mana Viper        Hex/Summ       ###.....     87%         5    None
 Invisibility             Hex            ####....     99%         6    None


Dungeon Overview and Level Annotations

Branches:
Dungeon (1/1)

Altars:
Cheibriados
Dithmenos
Elyvilon
Fedhas
Gozag
Hepliaklqana
Kikubaaqudgha
Lugonu
Makhleb
Nemelex Xobeh
Okawaru
Qazlal
Ru
Sif Muna
Trog
Uskayaw
Vehumet
Wu Jian
Xom
Yredelemnul
Zin
The Shining One
Beogh
Jiyva


Innate Abilities, Weirdness & Mutations

Your spells do not cause hunger and MP costs are reduced by 1.
Your bright wings attract enemies. (Stealth-)
You cannot fit into any form of body armour.
Your shimmering scales are hard and can block incoming attacks. (AC +6, SH +6)
You are small and have problems with some larger weapons.
You can fly continuously.


Message History

Casting: Blink (safe; 6% risk of failure)
Confirm with . or Enter, or press ? or * to list all spells.
You feel jittery for a moment.
The yak snorts and paws the ground.
The hippogriff bites you. The hippogriff closely misses you.
The hippogriff claws you but does no damage.
The hippogriff bites you. The hippogriff pecks you. The hippogriff claws you.
The komodo dragon bites you!
You have turned to stone.
The hippogriff bites you but does no damage.
The hippogriff pecks you but does no damage.
The hippogriff claws you! The komodo dragon bites you!
The hippogriff bites you. The hippogriff pecks you. The hippogriff claws you!
* * * LOW HITPOINT WARNING * * *
The komodo dragon bites you!
* * * LOW HITPOINT WARNING * * *
The hippogriff completely misses you. The hippogriff pecks you.
* * * LOW HITPOINT WARNING * * *
The hippogriff claws you but does no damage.
The komodo dragon bites you!!
You die...

▓_▓.▓†▓
▓_▓.▓.▓
▓_▓.▓Y▓
▓_▓.▓S▓
▓_▓.▓r▓
▓_▓.▓F▓
▓_▓.▓l▓
▓_▓.▓l▓
▓_▓.▓@▓
▓_▓.▓H▓
▓_▓.▓+▓
▓_▓.▓
▓_▓.▓
▓_▓.▓
▓_▓.▓
▓_▓.▓
▓_▓.▓


You could see a komodo dragon, a hippogriff, a yak, a basilisk, a water
moccasin, a bullfrog and a porcupine.

Vanquished Creatures
  An ugly thing (D)
  A manticore (D)
  A komodo dragon (D)
  A polar bear (shapeshifter) (D)
  A porcupine (D)
  An orc warrior (D)
  A sky beast (D)
  A sky beast (shapeshifter) (D)
  An ice beast (D)
  A big kobold (D)
  A killer bee (D)
  A worker ant (D)
  A dart slug (D)
  A leopard gecko (D)
  2 orcs (D)
  A goblin (D)
  A hobgoblin (D)
  A jackal (D)
  A kobold (D)
  A quokka (D)
  A frilled lizard (D)
22 creatures vanquished.

Notes
Turn   | Place    | Note
-------+----------+-------------------------------------------
     0 | D        | MordorOrchid the Fairy Wanderer began the quest for the
                  | Orb.
     0 | D        | MordorOrchid set off with the following items: a +0 club, a
                  | +0 shield, a ration {!d}, a potion of curing, a potion of
                  | heal wounds, a potion of haste, 2 potions of magic, a
                  | potion of berserk rage, a scroll of blinking; and the
                  | following spells available to memorise: Blink Other, Blink,
                  | Portal Projectile, Teleport Other, Magic Dart, Searing Ray,
                  | Iskenderun's Mystic Blast, Fulminant Prism, Irradiate,
                  | Passage of Golubria
     0 | D        | Reached XP level 1. HP: 11/11 MP: 6/6
    11 | D        | Reached skill level 1 in Dodging
    25 | D        | Reached skill level 1 in Fighting
    33 | D        | Reached XP level 2. HP: 11/18 MP: 9/9
    51 | D        | Learned a level 1 spell: Magic Dart
    54 | D        | Learned a level 2 spell: Blink
   136 | D        | Noticed an ice beast
   136 | D        | Noticed a sky beast
   140 | D        | Killed an ice beast
   140 | D        | Reached skill level 5 in Conjurations
   140 | D        | Reached XP level 3. HP: 27/27 MP: 10/10
   140 | D        | Reached XP level 4. HP: 34/34 MP: 12/12
   147 | D        | Killed a sky beast
   147 | D        | Reached skill level 5 in Fighting
   147 | D        | Reached XP level 5. HP: 41/41 MP: 13/13
   170 | D        | Found a roughly hewn altar of Beogh.
   170 | D        | Found a snail-covered altar of Cheibriados.
   170 | D        | Found a shadowy altar of Dithmenos.
   170 | D        | Found a white marble altar of Elyvilon.
   170 | D        | Found a blossoming altar of Fedhas.
   170 | D        | Found an opulent altar of Gozag.
   171 | D        | Found a hazy altar of Hepliaklqana.
   172 | D        | Found a viscous altar of Jiyva.
   173 | D        | Found an ancient bone altar of Kikubaaqudgha.
   174 | D        | Found a corrupted altar of Lugonu.
   175 | D        | Found a burning altar of Makhleb.
   176 | D        | Found a sparkling altar of Nemelex Xobeh.
   177 | D        | Found an iron altar of Okawaru.
   178 | D        | Found a stormy altar of Qazlal.
   179 | D        | Found a sacrificial altar of Ru.
   180 | D        | Found a shimmering blue altar of Sif Muna.
   181 | D        | Found a bloodstained altar of Trog.
   182 | D        | Found a hide-covered altar of Uskayaw.
   183 | D        | Found a radiant altar of Vehumet.
   184 | D        | Found an ornate altar of the Wu Jian Council.
   185 | D        | Found a shimmering altar of Xom.
   186 | D        | Found a basalt altar of Yredelemnul.
   187 | D        | Found a glowing silver altar of Zin.
   188 | D        | Became a worshipper of Sif Muna the Loreminder
   189 | D        | Found a glowing golden altar of the Shining One.
   249 | D        | Learned a level 3 spell: Iskenderun's Mystic Blast
   250 | D        | Noticed a green ugly thing
   250 | D        | Noticed an orc warrior
   250 | D        | Noticed a big kobold
   250 | D        | Noticed a yak
   261 | D        | Reached skill level 1 in Evocations
   261 | D        | Reached XP level 6. HP: 39/46 MP: 13/15
   276 | D        | Killed an orc warrior
   276 | D        | Reached * piety under Sif Muna
   276 | D        | Identified Sif Muna's Compendium of Confrontation and
                  | Transformation (Sif Muna gifted it to you in the Dungeon)
   276 | D        | Received a gift from Sif Muna
   308 | D        | Learned a level 4 spell: Throw Icicle
   346 | D        | Learned a level 4 spell: Fulminant Prism
   346 | D        | Noticed a manticore
   346 | D        | Noticed a polar bear
   346 | D        | Noticed a cyan ugly thing
   346 | D        | Noticed a blink frog
   346 | D        | Noticed a polar bear
   346 | D        | a blink frog changed into a polar bear
   347 | D        | Noticed a soldier ant
   347 | D        | a polar bear changed into a soldier ant
   349 | D        | Killed a manticore
   349 | D        | Reached ** piety under Sif Muna
   349 | D        | Reached skill level 5 in Shields
   349 | D        | Reached XP level 7. HP: 52/52 MP: 17/21
   349 | D        | a soldier ant changed into a sky beast
   353 | D        | Killed a cyan ugly thing
   353 | D        | Identified Heonot's Compendium of Bewitchment (Sif Muna
                  | gifted it to you in the Dungeon)
   353 | D        | Received a gift from Sif Muna
   353 | D        | Reached skill level 5 in Evocations
   353 | D        | Reached XP level 8. HP: 23/57 MP: 9/23
   359 | D        | Killed a polar bear
   359 | D        | Reached *** piety under Sif Muna
   359 | D        | Reached skill level 10 in Conjurations
   379 | D        | Learned a level 6 spell: Bolt of Fire
   517 | D        | Noticed a komodo dragon
   517 | D        | Noticed a yak
   517 | D        | Noticed a komodo dragon
   524 | D        | Killed a komodo dragon
   524 | D        | Reached skill level 10 in Spellcasting
   524 | D        | Reached skill level 5 in Ice Magic
   524 | D        | Reached XP level 9. HP: 56/62 MP: 7/25
   528 | D        | Identified Sif Muna's Volume of Supportive Hexes (Sif Muna
                  | gifted it to you in the Dungeon)
   528 | D        | Received a gift from Sif Muna
   532 | D        | Slain by a komodo dragon

Skill      XL: |  1  2  3  4  5  6  7  8  9 |
---------------+----------------------------+-----
Dodging        | 2 6 8 9 |  9.5
Spellcasting   | 4 8 9 10 | 10.2
Fighting       | 1 4 5 6 |  6.0
Conjurations   | 5 7 9 10 | 10.5
Evocations     | 1 4 5 6 |  6.0
Shields        | 5 7 8 9 |  9.0
Hexes          | 2 3 |  3.5
Ice Magic      | 3 4 5 |  5.4
Invocations    | 2 3 4 |  4.7
Fire Magic     | 2 |  2.7
Summonings     | |  1.1
Necromancy     | |  2.0
Translocations | |  3.2

Action                   |  1- 3 |  4- 6 |  7- 9 || total
-------------------------+-------+-------+-------++-------
Melee: Club              |    30 |       |       ||    30
       Whip              |     3 |    17 |       ||    20
       Rapier            |       |    28 |       ||    28
 Cast: Iskenderun's Myst |       |     4 |     9 ||    13
       Throw Icicle      |       |       |     3 ||     3
       Blink             |       |       |     3 ||     3
Evoke: Wand              |       |     2 |     3 ||     5
  Use: Potion            |     2 |     1 |       ||     3
 Stab: Invisible         |       |     3 |       ||     3
Armor: Skin              |     3 |     7 |     8 ||    18
Dodge: Dodged            |    11 |    45 |    13 ||    69
Block: Shield            |    18 |     6 |     6 ||    30
       Other             |       |     1 |       ||     1
